 Dungeon Crawl Stone Soup version 0.28-a0-533-g9f97627e2a (webtiles) character file.

Game seed: 15967008035158367649

5811 funkygono the Arsonist (level 10, -4/56 HPs)
             Began as a Gargoyle Fire Elementalist on Sept 25, 2021.
             Was a Believer of Vehumet.
             Slain by a komodo dragon (17 damage)
             ... on level 8 of the Dungeon.
             The game lasted 00:18:51 (7993 turns).

funkygono the Arsonist (Gargoyle Fire Elementalist) Turns: 7993, Time: 00:18:52

Health: -4/56      AC: 14    Str: 12    XL:     10   Next: 79%
Magic:  21/32      EV: 12    Int: 19    God:    Vehumet [**....]
Gold:   468        SH:  0    Dex: 10    Spells: 18/28 levels left

rFire   . . .      SeeInvis .   d - +1 whip
rCold   . . .      Faith    .   (no shield)
rNeg    + . .      Spirit   .   x - +0 acid dragon scales
rPois   ∞          Reflect  .   (no helmet)
rElec   +          Harm     .   v - +0 cloak
rCorr   +          Rampage  .   (no gloves)
Will    .....                   (no boots)
Stlth   +.........              (no amulet)
HPRegen 0.18/turn               l - ring of magical power
MPRegen 0.23/turn               (no ring)

@: no status effects
A: sickness immunity, AC +7, negative energy resistance 1, electricity
resistance, torment resistance 1, petrification resistance
a: Renounce Religion


You were on level 8 of the Dungeon.
You worshipped Vehumet.
Vehumet was pleased with you.
You visited 2 branches of the dungeon, and saw 9 of its levels.

You collected 468 gold pieces.

Inventory:

Hand Weapons
 d - a +1 whip (weapon)
 u - a +4 quarterstaff of chaos
Missiles
 e - 244 stones
 r - a throwing net
Armour
 a - a +0 robe
 b - a scarf of invisibility
 h - +0 steam dragon scales
 v - a +0 cloak (worn)
 x - +0 acid dragon scales (worn)
Jewellery
 l - a ring of magical power (left hand)
Wands
 c - a wand of charming (8)
 y - a wand of polymorph (8)
Scrolls
 n - a scroll of teleportation
 w - a scroll of silence
Potions
 f - 2 potions of curing
 g - 3 potions of haste
 i - a potion of flight
 j - 2 potions of attraction
 k - a potion of lignification
 m - a potion of mutation {unknown}
 o - 5 potions of resistance
 p - a potion of invisibility {unknown}
 q - 2 potions of berserk rage
 s - a potion of ambrosia {unknown}
 t - 2 potions of might
 z - a potion of magic {unknown}
 A - a potion of heal wounds {unknown}


   Skills:
 + Level 4.0 Fighting
 + Level 3.8 Maces & Flails
 + Level 3.7 Dodging
 - Level 2.1 Stealth
 * Level 9.5 Spellcasting
 * Level 7.7 Conjurations
 * Level 10.3 Fire Magic


You had 18 spell levels left.
You knew the following spells:

 Your Spells              Type           Power      Damage    Failure   Level
a - Foxfire               Conj/Fire      100%       2x1d9     1%          1
b - Scorch                Fire           96%        2d9       1%          2
c - Conjure Flame         Conj/Fire      43%        6-21      1%          3
d - Flame Wave            Conj/Fire      43%        3d9       2%          4

Your spell library contained the following spells:

 Spells                   Type           Power      Damage    Failure   Level
 Searing Ray              Conj           76%        2d7       1%          2
 Magic Dart               Conj           100%       1d8       1%          1
 Inner Flame              Hex/Fire       28%        N/A       4%          3
 Dazzling Flash           Conj/Hex       46%        N/A       7%          3
 Mephitic Cloud           Conj/Pois/Air  18%        N/A       12%         3
 Call Imp                 Summ           9%         N/A       19%         2
 Agony                    Necr           9%         N/A       97%         5
 Silence                  Hex/Air        4%         N/A       97%         5
 Conjure Ball Lightning   Conj/Air       11%        3x3d6     98%         6
 Discord                  Hex            4%         N/A       100%        8
 Disjunction              Tloc           4%         N/A       100%        8


Dungeon Overview and Level Annotations

Branches:
Dungeon (8/15)             Temple (1/1) D:4
   Lair: D:8-11

Altars:
Ashenzari
Dithmenos
Elyvilon
Fedhas
Gozag
Hepliaklqana
Kikubaaqudgha
Makhleb
Nemelex Xobeh
Okawaru
Qazlal
Ru
Sif Muna
Trog
Uskayaw
Vehumet
Wu Jian
Yredelemnul
Zin
The Shining One

Shops:
D:4 !   D:6 [


Innate Abilities, Weirdness & Mutations

You are immune to sickness and miasma.
Your stone body is resilient. (AC +7)
You are immune to poison.
You resist negative energy. (rN+)
You are resistant to electric shocks. (rElec)
You are resistant to unholy torment.
You are immune to petrification.


Message History

The komodo dragon misses you.
Casting: Flame Wave (dangerous; 2% risk of failure)
Confirm with . or Enter, or press ? or * to list all spells.
Casting: Flame Wave (dangerous; 2% risk of failure)
Press: ? - help, Dir - look around, f - activate A wave of flame ripples out!
The flame wave engulfs the iguana!
The iguana is almost dead.
The flame wave engulfs the komodo dragon!
The komodo dragon is heavily wounded. (Press . to intensify the flame waves.)
The frilled lizard hisses angrily.
You hear an angry hiss.
The iguana closely misses you. The komodo dragon bites you!
A wave of flame ripples out!
The flame wave engulfs the iguana!
You kill the iguana!
Vehumet accepts your kill.
You feel your power returning.
The flame wave engulfs the komodo dragon!
The komodo dragon is almost dead.
The flame wave engulfs the iguana!
You kill the iguana!
Vehumet accepts your kill.
The flame wave engulfs the frilled lizard!
You kill the frilled lizard!
Vehumet accepts your kill.
You feel your power returning. The komodo dragon bites you!!
* * * LOW HITPOINT WARNING * * *
A wave of flame ripples out!
The flame wave engulfs the komodo dragon!
The komodo dragon is almost dead.
The flame wave engulfs the frilled lizard!
You kill the frilled lizard!
Vehumet accepts your kill.
You feel your power returning.
The flame wave engulfs the frilled lizard!
You kill the frilled lizard!
Vehumet accepts your kill.
You feel your power returning.
You finish channelling waves of flame.
You hear a howl!
The komodo dragon bites you!
You die...

...#####......
.............#
............#
#.....†....# .
#..).†.....#
...#..........#
...#[..†....####.
.......l@........
###.....†..##..
...#....##.# .
#....# # #....#
.....####....#
.....#...#....# .
##........#....#
..#.........#....#


You could see a komodo dragon.

Vanquished Creatures
  Grinder (D:3)
  A wraith (D:6)
  A steam dragon (D:6)
  An acid dragon (D:8)
  A water moccasin (D:6)
  6 ice beasts
  A black bear (D:6)
  3 ogres
  2 necrophages (D:4)
  3 centaurs
  A phantom (D:4)
  Blork the orc (D:5)
  A kobold brigand (D:6)
  3 scorpions
  4 bullfrogs
  A wyvern zombie (D:7)
  A water moccasin skeleton (D:7)
  A bullfrog zombie (D:5)
  2 bullfrog skeletons
  3 jellies
  2 centaur skeletons
  A hound (D:6)
  Crazy Yiuf (D:5)
  5 iguanas
  An orc wizard (D:6)
  2 killer bee zombies
  12 gnolls
  4 adders
  A shadow imp (D:7)
  2 white imps (D:5)
  2 ufetubi (D:4)
  An adder skeleton (D:4)
  2 worms
  12 orcs
  2 bats
  5 endoplasms
  4 giant cockroaches
  7 goblins
  5 hobgoblins
  2 jackals (D:3)
  10 kobolds
  A quokka (D:3)
  6 ball pythons
  11 frilled lizards
  7 rats
146 creatures vanquished.

Vanquished Creatures (others)
  405 foxfires
  8 plants
413 creatures vanquished.

Grand Total: 559 creatures vanquished

Notes
Turn   | Place    | Note
-------+----------+-------------------------------------------
     0 | D:1      | funkygono the Gargoyle Fire Elementalist began the quest
                  | for the Orb.
     0 | D:1      | Reached XP level 1. HP: 10/10 MP: 3/3
   232 | D:1      | Found a faded altar of an unknown god.
   251 | D:1      | Reached XP level 2. HP: 15/15 MP: 1/5
   254 | D:1      | Learned a level 2 spell: Scorch
  1355 | D:2      | Reached XP level 3. HP: 19/19 MP: 4/6
  1423 | D:2      | Learned a level 3 spell: Conjure Flame
  2367 | D:3      | Reached skill level 4 in Fire Magic
  2367 | D:3      | Reached XP level 4. HP: 24/24 MP: 7/7
  2430 | D:3      | Noticed Grinder
  2450 | D:3      | Killed Grinder
  2451 | D:3      | Reached XP level 5. HP: 26/28 MP: 4/10
  2451 | D:3      | Reached XP level 6. HP: 30/32 MP: 4/11
  2458 | D:3      | Learned a level 4 spell: Flame Wave
  2735 | D:3      | Found a broken altar of Ashenzari.
  2927 | D:4      | Reached skill level 5 in Fire Magic
  3078 | D:4      | Found a staircase to the Ecumenical Temple.
  3084 | Temple   | Entered the Ecumenical Temple
  3091 | Temple   | Became a worshipper of Vehumet
  3238 | D:4      | Noticed a necrophage
  3258 | D:4      | Killed a necrophage
  3262 | D:4      | Reached XP level 7. HP: 36/36 MP: 9/13
  3844 | D:4      | Found Uptodexa's Distillery.
  4068 | D:4      | Reached skill level 5 in Spellcasting
  4068 | D:4      | Reached skill level 6 in Fire Magic
  4165 | D:4      | Reached XP level 8. HP: 31/41 MP: 13/16
  4592 | D:5      | Entered Level 5 of the Dungeon
  4654 | D:5      | Reached * piety under Vehumet
  4654 | D:5      | Offered knowledge of Freeze by Vehumet.
  4655 | D:5      | Reached skill level 7 in Fire Magic
  4791 | D:5      | Noticed Blork the orc
  4799 | D:5      | Killed Blork the orc
  5416 | D:5      | Found a runed translucent door.
  5419 | D:5      | Noticed Crazy Yiuf
  5423 | D:5      | Killed Crazy Yiuf
  5526 | D:5      | Found a basalt altar of Yredelemnul.
  6016 | D:6      | Reached XP level 9. HP: 45/45 MP: 18/19
  6091 | D:6      | Found Zinoludo's Antique Armour Emporium.
  6403 | D:6      | Reached skill level 8 in Fire Magic
  6454 | D:6      | Reached skill level 1 in Maces & Flails
  6834 | D:6      | Reached skill level 9 in Fire Magic
  6834 | D:6      | Reached XP level 10. HP: 56/56 MP: 23/23
  7177 | D:6      | Reached skill level 10 in Fire Magic
  7411 | D:7      | Offered knowledge of Searing Ray by Vehumet.
  7415 | D:7      | Reached ** piety under Vehumet
  7993 | D:8      | Slain by a komodo dragon

Illustrated notes

Levels and vault maps discovered:
D:1:      dpeg_arrival_boxorama, layout_rooms,
          shapermc_ecumenical_altar_pompeii, nrook_mini_backslash,
          hangedman_feature_mirror
D:2:      layout_basic, kennysheep_flooded_box
D:3:      layout_rooms, mainiacjoe_overflow_alcove_2, serial_aquarium,
          aquarium_bridge_long_separate [aquarium_subvault_bridge,
          aquarium_subvault_wall, aquarium_subvault_wall,
          aquarium_subvault_bridge, aquarium_subvault_bridge,
          aquarium_subvault_wall], aquarium_bridge_square
          [aquarium_subvault_wall, aquarium_subvault_window,
          aquarium_subvault_bridge, aquarium_subvault_wall],
          aquarium_window_corridor_1, aquarium_window_corner, aquarium_view_2a,
          aquarium_view_2f, aquarium_balcony_double_1, uniq_grinder
D:4:      minmay_chambers_of_fours, layout_loops_ring,
          minmay_temple_entry_enclosed_plants, serial_shops,
          nicolae_shop_crystal
D:5:      layout_basic, lemuel_coloured_pillars_altar, uniq_blork_the_orc,
          uniq_crazy_yiuf_cottage
D:6:      layout_basic, serial_shops, shop, serial_bayou_lagoon_a
D:7:      layout_rooms
D:8:      layout_basic, minmay_holes, minmay_lizard_king
Temple:   compressed_dpeg_circular_temple

Skill      XL: |  1  2  3  4  5  6  7  8  9 10 |
---------------+-------------------------------+-----
Fire Magic     | 4 5 6 7 9 10 | 10.3
Spellcasting   | 3 4 5 7 9 |  9.5
Conjurations   | 2 3 4 7 |  7.7
Dodging        | 2 3 |  3.7
Maces & Flails | 3 |  3.8
Fighting       | 3 4 |  4.0
Stealth        | |  2.1

Action                   |  1- 3 |  4- 6 |  7- 9 | 10-12 || total
-------------------------+-------+-------+-------+-------++-------
Melee: Whip              |    30 |       |    20 |     4 ||    54
 Cast: Foxfire           |    54 |    32 |    94 |    63 ||   243
       Scorch            |     9 |    11 |    62 |    27 ||   109
       Conjure Flame     |       |       |     1 |       ||     1
       Flame Wave        |       |       |       |     1 ||     1
  Use: Scroll            |     4 |     2 |    10 |     2 ||    18
       Potion            |       |       |     1 |       ||     1
Armor: Robe              |    16 |     2 |    19 |     2 ||    39
       Steam dragon scal |       |       |       |    16 ||    16
Dodge: Dodged            |    20 |     4 |    51 |    49 ||   124

Table legend: (Time is in decaauts)
 A = Elapsed time spent in this place.
 B = Non-inter-level travel time spent in this place.
 C = Inter-level travel time spent in this place.
 D = Time resting spent in this place.
 E = Time spent auto-exploring this place.
 F = Levels seen in this place.
 G = Mean time per level.
                   A        B        C        D        E       F      G
               +--------+--------+--------+--------+--------+-----+--------+
         Total |   8010 |   7808 |    202 |    617 |   6053 |   9 |  890.0 |
       Dungeon |   7880 |   7716 |    164 |    617 |   5982 |   8 |  985.0 |
        Temple |    129 |     91 |     38 |      0 |     71 |   1 |  129.0 |
               +--------+--------+--------+--------+--------+-----+--------+

Top non-repeatable levels by time:
     D:6: 1699 daAuts
     D:4: 1645 daAuts
     D:3: 1258 daAuts
     D:5: 1057 daAuts
     D:2: 918 daAuts
     D:1: 672 daAuts
     D:7: 563 daAuts
  Temple: 129 daAuts
     D:8: 66 daAuts
